 Dungeon Crawl Stone Soup version 0.32-a0-306-gfed3edf829 (webtiles) character file.

Game seed: 13523625015146882042

15260 Dittersdorf the Fighter (level 12, -3/80 HPs)
             Began as a Gargoyle Fighter on Feb 14, 2024.
             Was an Initiate of Gozag.
             Slain by a wolf (6 damage)
             ... on level 1 of the Lair of Beasts.
             The game lasted 00:14:11 (13080 turns).

Dittersdorf the Fighter (Gargoyle Fighter)         Turns: 13080, Time: 00:14:12

Health: -3/80      AC: 25    Str: 24    XL:     12   Next: 25%
Magic:  12/12      EV:  8    Int:  8    God:    Gozag
Gold:   1835       SH:  7    Dex:  9    Spells: 8/11 levels left

rFire   . . .        p - +1 morningstar (venom)
rCold   . . .        c - +1 buckler
rNeg    + . .        m - +5 chain mail of Rotation {Fly rElec Str-2}
rPois   ∞            (no helmet)
rElec   +            (no cloak)
rCorr   .            (no gloves)
SInv    +            (no boots)
Will    .....        (no amulet) Stlth
                     t - ring of see invisible
HPRegen 0.33/turn    (no ring)
MPRegen 0.13/turn

%: no passive effects
@: gold aura, flying
A: sickness immunity, AC +8, negative energy resistance 1, electricity
resistance, torment resistance 1, petrification resistance
a: Renounce Religion, Potion Petition, Call Merchant, Bribe Branch


You were on level 1 of the Lair of Beasts.
You worshipped Gozag.
Gozag was most pleased with you.
You visited 3 branches of the dungeon, and saw 13 of its levels.

You collected 2105 gold pieces.
You spent 100 gold pieces at shops.
You paid 170 gold pieces to Gozag.

Inventory:

Hand Weapons
 p - a +1 morningstar of venom (weapon)
Missiles
 s - 4 throwing nets
Armour
 c - a +1 buckler (worn)
 m - the +5 chain mail of Rotation (worn) {Fly rElec Str-2}
   (You found it on level 2 of the Dungeon)

   Str-2:     It affects your strength (-2).
   rElec:     It insulates you from electricity.
   Fly:       It grants you flight.
Jewellery
 t - a ring of see invisible (left hand)
Wands
 q - a wand of flame (8) (quivered)
Scrolls
 j - 8 scrolls of teleportation
 k - 2 scrolls of immolation
 w - a scroll of enchant armour
Potions
 a - a potion of brilliance {unknown}
 b - 3 potions of lignification {unknown}
 d - a potion of might
 e - 2 potions of haste {unknown}
 f - 6 potions of heal wounds {unknown}
 g - 2 potions of resistance {unknown}
 h - 2 potions of invisibility
 i - 4 potions of mutation
 l - a potion of magic
 n - 4 potions of berserk rage
 o - 2 potions of curing {unknown}
 u - 2 potions of enlightenment {unknown}
Miscellaneous
 v - a box of beasts


   Skills:
 + Level 11.3 Fighting
 + Level 10.1 Maces & Flails
 + Level 11.3 Armour
 + Level 11.3 Shields


You had 8 spell levels left.
You knew the following spells:

 Your Spells              Type           Power      Damage    Failure   Level
a - Passwall              Erth           0%         N/A       99%         3

Your spell library contained the following spells:

 Spells                   Type           Power      Damage    Failure   Level
 Necrotise                Necr           0%         1d4       90%         1
 Sandblast                Erth           0%         2d4       90%         1
 Scorch                   Fire           0%         2d5       97%         2
 Stone Arrow              Conj/Erth      0%         3d7       99%         3
 Vampiric Draining        Necr           0%         2d6       99%         3
 Brom's Barrelling Bould  Conj/Erth      0%         2d3       100%        4
 Flame Wave               Conj/Fire      0%         2d4       100%        4
 Martyr's Knell           Necr/Summ      0%         N/A       100%        4
 Curse of Agony           Necr           0%         N/A       100%        5
 Summon Forest            Summ/Tloc      0%         N/A       100%        5
 Eringya's Noxious Bog    Alch           0%         4d6       100%        6
 Summon Cactus Giant      Summ           0%         N/A       100%        6
 Summon Hydra             Summ           0%         N/A       100%        7


Dungeon Overview and Level Annotations

Branches:
Dungeon (10/15)            Temple (1/1) D:7            Lair (2/5) D:8
 Shoals (0/4) Lair:2
  Snake: Lair:2-3    Spider: Lair:2-3       Orc: D:9-12

Altars:
Ashenzari
Cheibriados
Dithmenos
Elyvilon
Fedhas
Gozag
Hepliaklqana
Kikubaaqudgha
Makhleb
Nemelex Xobeh
Okawaru
Qazlal
Ru
Sif Muna
Trog
Uskayaw
Vehumet
Wu Jian
Xom
Yredelemnul
Zin
The Shining One

Shops:
D:4 (

Annotations:
D:9 3 runed translucent doors, Azoth's ghost, novice TrSh


Innate Abilities, Weirdness & Mutations

You are immune to sickness and miasma.
Your stone body is resilient. (AC +8)
You are immune to poison.
You resist negative energy. (rN+)
You are resistant to electric shocks. (rElec)
You are resistant to unholy torment.
You are immune to petrification.


Message History

You now have 1835 gold pieces (gained 7).
You miss the wolf.
The wolf is distracted by your dazzling golden aura.
The wolf bites you but does no damage. You block the wolf's attack.
The wolf howls!
You hit the wolf but do no damage. You block the wolf's attack.
The wolf bites you but does no damage.
You miss the wolf. The wolf barely misses you. x2
You completely miss the wolf.
The wolf is no longer distracted by gold.
The wolf bites you.
* * * LOW HITPOINT WARNING * * *
You closely miss the wolf.
The wolf splashes around in the water.
You block the wolf's attack.
You closely miss the wolf. The wolf bites you!
* * * LOW HITPOINT WARNING * * *
The wolf bites you but does no damage.
You barely miss the wolf. The wolf bites you but does no damage.
You sock the wolf!
The wolf is severely wounded.
You block the wolf's attack. x2
You hit the wolf but do no damage.
The wolf is poisoned.
The wolf is severely wounded.
The wolf splashes around in the water.
The wolf barely misses you.
You hit the wolf.
The wolf looks as sick as possible!
The wolf is almost dead.
You kill the wolf!
The wolf is distracted by your dazzling golden aura.
The wolf is no longer distracted by gold.
You miss the wolf.
The wolf stops to sniff the water.
The wolf splashes around in the water.
The wolf bites you but does no damage.
You miss the wolf. The wolf bites you!
* * * LOW HITPOINT WARNING * * *
You block the wolf's attack.
You barely miss the wolf. The wolf barely misses you.
You hit the wolf but do no damage.
The wolf is poisoned.
The wolf bites you but does no damage. The wolf bites you.
You die...
Your body crumbles into a pile of gold.

.♣...........# #...#####..#.
♣.♣.♣..#.....#### ###...# #.#...
.♣.....♣.....##.###..#### ##.....
.♣.♣.........#.......# ###......
..♣.♣♣...........#...## #.....)..
.♣♣♣.♣..#....~~~~.#...###........
....♣♣..#..~~≈≈≈h~.#...###.......
......ß.#...~≈≈≈≈≈.##...###......
.~.....##..>.~≈≈@≈..##..###......
~~~....#.....≈≈≈≈h.####..####....
~~~~P.♣#....~≈≈≈~..# ##..####...
~~~..♣.♣.#~~~≈≈~~..# #....###..
.~....♣♣...≈~~≈~..## #.#..##.#.
....♣♣....#..~~...# ####..####
......♣...##...#### ##..###
..♣♣♣.♣.P..##### ##...#
..♣..♣...#.#.# #....#


You could see 2 wolves.

Vanquished Creatures
  An ogre mage (D:10)
  A two-headed ogre (D:10)
  A cyclops (D:10)
  A black mamba (Lair:1)
  A gargoyle (D:10)
  A cane toad (Lair:1)
  A rime drake (Lair:1)
  4 komodo dragons
  A troll (D:10)
  8 blink frogs (Lair:1)
  A vampire (D:10)
  8 yaks (Lair:1)
  3 spriggans (Lair:1)
  A shadow (D:9)
  A basilisk (Lair:1)
  4 vampire mosquitoes (D:10)
  5 water moccasins
  2 acid dragons
  3 orc warriors
  5 ice beasts
  2 black bears
  3 sky beasts
  2 ogres
  6 centaurs
  2 wolves (Lair:1)
  A phantom (D:6)
  12 bullfrogs
  A gnoll sergeant (D:9)
  5 scorpions
  22 wights
  13 killer bees
  2 electric eels
  A howler monkey (D:5)
  A jelly (D:6)
  3 hounds
  9 orc priests
  A gnoll bouda (D:8)
  An iron imp (D:9)
  A sleepcap (D:8)
  Natasha (thrice) (D:4)
  2 iguanas
  14 orc wizards
  16 gnolls
  10 adders
  A shadow imp (D:8)
  2 white imps (D:7)
  2 ufetubi (D:5)
  2 ribbon worms
  41 orcs
  5 bats
  4 endoplasms
  3 giant cockroaches
  11 goblins
  6 hobgoblins
  6 jackals
  2 quokkas
  8 ball pythons
  6 frilled lizards
  6 kobolds
  2 rats
293 creatures vanquished.

Notes
Turn   | Place    | Note
-------+----------+-------------------------------------------
     0 | D:1      | Dittersdorf the Gargoyle Fighter began the quest for the
                  | Orb.
     0 | D:1      | Reached XP level 1. HP: 14/14 MP: 1/1
    69 | D:1      | Reached XP level 2. HP: 16/19 MP: 2/2
   366 | D:1      | Reached XP level 3. HP: 16/23 MP: 3/3
   435 | D:1      | Found a faded altar of an unknown god.
   968 | D:2      | Reached XP level 4. HP: 29/29 MP: 4/4
  1049 | D:2      | Identified the +5 chain mail of Rotation {Fly rElec Str-2}
  1770 | D:3      | Found a white marble altar of Elyvilon.
  1886 | D:3      | Reached XP level 5. HP: 26/33 MP: 5/5
  2195 | D:4      | Found Baofemeg's Antique Weapon Shop.
  2208 | D:4      | Bought a morningstar for 100 gold pieces
  2309 | D:4      | Reached XP level 6. HP: 22/39 MP: 6/6
  2480 | D:4      | Noticed Natasha
  2488 | D:4      | Killed Natasha
  2549 | D:4      | Found a bloodstained altar of Trog.
  2797 | D:4      | Noticed Natasha
  2803 | D:4      | Killed Natasha
  2868 | D:4      | Noticed Natasha
  2884 | D:4      | Killed Natasha
  2885 | D:4      | Reached skill level 5 in Fighting
  2935 | D:4      | Found a bloodstained altar of Trog.
  3033 | D:4      | Found Baofemeg's Antique Weapon Shop.
  3165 | D:5      | Entered Level 5 of the Dungeon
  3223 | D:5      | Reached skill level 5 in Armour
  3223 | D:5      | Reached skill level 5 in Shields
  3223 | D:5      | Reached XP level 7. HP: 44/44 MP: 7/7
  3861 | D:5      | Reached XP level 8. HP: 49/51 MP: 8/8
  3885 | D:5      | Found a blossoming altar of Fedhas.
  4153 | D:5      | Reached skill level 5 in Maces & Flails
  4318 | D:5      | Found a glowing golden altar of the Shining One.
  4911 | D:6      | Reached XP level 9. HP: 48/57 MP: 9/9
  5975 | D:7      | Found a staircase to the Ecumenical Temple.
  5984 | Temple   | Entered the Ecumenical Temple
  6004 | Temple   | Became a worshipper of Gozag Ym Sagoz the Greedy
  6368 | D:7      | Found a stormy altar of Qazlal.
  6973 | D:7      | Reached XP level 10. HP: 49/64 MP: 10/10
  7533 | D:8      | Identified the +8 war axe "Gargoyle's Peril" {venom, rN+
                  | Str+2 SInv}
  7604 | D:8      | Found a staircase to the Lair.
  8960 | D:9      | Found a runed translucent gate.
  8961 | D:9      | Found a runed translucent gate.
  8962 | D:9      | Found a runed translucent gate.
  8962 | D:9      | Noticed a ten-headed hydra
  8962 | D:9      | Noticed a ten-headed hydra
  8963 | D:9      | Noticed Azoth's ghost (novice TrSh)
  9017 | D:9      | Found a radiant altar of Vehumet.
  9038 | D:9      | Reached XP level 11. HP: 72/72 MP: 11/11
  9308 | D:9      | Found a sparkling altar of Nemelex Xobeh.
  9338 | D:9      | Found a burning altar of Makhleb.
  9490 | D:10     | Entered Level 10 of the Dungeon
  9505 | D:10     | Noticed a cyclops
  9514 | D:10     | Killed a cyclops
  9760 | D:10     | Learned a level 3 spell: Passwall
  9783 | D:10     | Noticed a two-headed ogre
  9795 | D:10     | Killed a two-headed ogre
  9796 | D:10     | Reached skill level 10 in Fighting
  9796 | D:10     | Reached skill level 10 in Armour
  9796 | D:10     | Reached skill level 10 in Shields
 10198 | D:10     | Found a shimmering altar of Xom.
 10595 | D:10     | HP: 3/72 [vampire mosquito (5)]
 10884 | D:10     | Noticed an ogre mage
 10886 | D:10     | Paralysed by an ogre mage for 2 turns
 10904 | D:10     | Killed an ogre mage
 10972 | D:10     | Found a glowing silver altar of Zin.
 11166 | Lair:1   | Entered Level 1 of the Lair of Beasts
 11580 | Lair:1   | HP: 3/73 [blink frog (10)]
 12217 | Lair:1   | Reached XP level 12. HP: 73/80 MP: 12/12
 12669 | Lair:1   | Reached skill level 10 in Maces & Flails
 13078 | Lair:1   | HP: 2/80 [wolf (8)]
 13080 | Lair:1   | Slain by a wolf

Illustrated notes

Levels and vault maps discovered:
D:1:      psy_arrival_radial01, layout_loops_ring,
          hellmonk_ecumenical_altar_blasted, roderic_serpentine_path
D:2:      layout_loops_cross, minmay_liquid_box
D:3:      layout_rooms, elyvilon_altar_3, chequers_decorated_corner
D:4:      layout_rooms, general_overflow_altar, hangedman_decor_clover_reticule,
          minmay_fountain_box, nicolae_stop_n_shop_2, uniq_natasha
D:5:      layout_basic, marbit_many_paths, fedhas_altar_fruit_tree
D:6:      layout_basic
D:7:      wad_river_or_something, layout_loops_ring,
          mainiacjoe_overflow_concentric_impassable,
          minmay_temple_entry_mini_moons
D:8:      layout_basic, due_lair_maze_entry_diamond
D:9:      layout_rooms, mainiacjoe_overflow_catwalk, nemelex_spade_bored_becter,
          demons_altar, gammafunk_ghost_hydra_chop
D:10:     layout_irregular_city, mainiacjoe_overflow_boulevard, zin_statuary,
          minmay_microvault
Temple:   minmay_temple_bridge_abc
Lair:1:   layout_cave_pods, wad_woods_02, infiniplex_staircase_pool
Lair:2:   layout_gridlike, minmay_shoals_entry_beasts, gauntlet_entry_generic,
          grunt_forest_large_clearing_hut, grunt_megastairs_4

Skill      XL: |  1  2  3  4  5  6  7  8  9 10 11 12 |
---------------+-------------------------------------+-----
Fighting       | 4 5 7 8 9 11 | 11.3
Shields        | 4 5 6 8 9 10 11 | 11.3
Armour         | 4 5 6 8 9 10 11 | 11.3
Maces & Flails | 3 4 5 7 8 9 10 | 10.1

Action                     |  1- 3 |  4- 6 |  7- 9 | 10-12 || total
---------------------------+-------+-------+-------+-------++-------
  Melee: Flail             |    74 |   103 |       |       ||   177
         Morningstar       |       |    95 |   358 |   564 ||  1017
  Evoke: Wand              |       |       |     3 |     2 ||     5
    Use: Scroll            |       |     4 |     8 |     7 ||    19
   Stab: Distracted        |       |       |       |     2 ||     2
 Armour: Scale mail        |    61 |     7 |       |       ||    68
         Chain mail        |       |   184 |   421 |   665 ||  1270
         Skin              |       |    16 |       |       ||    16
  Dodge: Dodged            |    45 |    79 |   155 |   286 ||   565
  Block: Buckler           |    18 |    55 |   120 |   248 ||   441

Table legend: (Time is in decaauts)
 A = Elapsed time spent in this place.
 B = Non-inter-level travel time spent in this place.
 C = Inter-level travel time spent in this place.
 D = Time resting spent in this place.
 E = Time spent auto-exploring this place.
 F = Levels seen in this place.
 G = Mean time per level.
                   A        B        C        D        E       F      G
               +--------+--------+--------+--------+--------+-----+--------+
         Total |  13318 |  12918 |    400 |   2664 |   7594 |  13 | 1024.5 |
       Dungeon |  11336 |  11002 |    334 |   2015 |   6747 |  10 | 1133.6 |
        Temple |     57 |     19 |     38 |      0 |      0 |   1 |   57.0 |
          Lair |   1924 |   1897 |     27 |    649 |    847 |   2 |  962.0 |
               +--------+--------+--------+--------+--------+-----+--------+

Top non-repeatable levels by time:
  Lair:1: 1910 daAuts
    D:10: 1649 daAuts
     D:7: 1463 daAuts
     D:5: 1349 daAuts
     D:6: 1299 daAuts
     D:4: 1215 daAuts
     D:8: 1126 daAuts
     D:9: 986 daAuts
     D:1: 951 daAuts
     D:2: 713 daAuts
     D:3: 580 daAuts
  Temple: 57 daAuts
  Lair:2: 13 daAuts
